 Dungeon Crawl Stone Soup version 0.22.1-2-g9c5b331383 (webtiles) character file.

63 flamingdaze2 the Magician (level 3, -2/24 HPs)
             Began as a Mummy Wizard on Jan 1, 2019.
             Slain by Sigmund
             ... wielding a cursed -1 scythe
              (13 damage)
             ... on level 3 of the Dungeon.
             The game lasted 00:11:50 (2458 turns).

flamingdaze2 the Magician (Mummy Wizard)            Turns: 2458, Time: 00:11:52

Health: -2/24      AC:  7    Str: 10    XL:     3   Next: 89%
Magic:  8/10       EV: 12    Int: 18    God:
Gold:   72         SH:  0    Dex: 13    Spells: 8/13 levels left

rFire    x . .     SeeInvis .   e - +2 whip (vamp)
rCold    + . .     Gourm    .   (no shield)
rNeg     + + +     Faith    .   a - +1 robe
rPois    ∞         Spirit   .   c - +0 helmet
rElec    .         Reflect  .   (no cloak)
rCorr    .         Harm     .   (no gloves)
MR       .....                  f - +2 pair of boots
Stlth    ++........             g - amulet of the acrobat
HPRegen  0.08/turn              d - +3 ring of dexterity
MPRegen  0.12/turn              (no ring)

@: no status effects
A: no food or potions, fire vulnerability, cold resistance 1, negative energy
resistance 3, torment resistance, unbreathing
a: no special abilities


You were on level 3 of the Dungeon.
You were not hungry.

You visited 1 branch of the dungeon, and saw 3 of its levels.

You collected 72 gold pieces.

Inventory:

Hand Weapons
 e - a +2 vampiric whip (weapon)
Armour
 a - a +1 robe (worn)
 b - a +0 hat
 c - a +0 helmet (worn)
 f - a +2 pair of boots (worn)
Jewellery
 d - a +3 ring of dexterity (left hand)
 g - an amulet of the acrobat (around neck)
Wands
 h - a wand of disintegration (12)
 i - a wand of digging (21)


   Skills:
 + Level 0.3 Maces & Flails
 - Level 1.5 Dodging
 - Level 1.5 Stealth
 + Level 5.6 Spellcasting
 + Level 1.3 Conjurations
 + Level 0.9 Summonings
   Level 0.7 Translocations


You had 8 spell levels left.
You knew the following spells:

 Your Spells              Type           Power        Failure   Level  Hunger
a - Magic Dart            Conj           ##..         7%          1    N/A
b - Call Imp              Summ           #.......     13%         2    N/A
c - Slow                  Hex            #.......     19%         2    N/A

Your spell library contained the following spells:

 Spells                   Type           Power        Failure   Level  Hunger
 Blink                    Tloc           N/A          14%         2    N/A
 Conjure Flame            Conj/Fire      #.......     28%         3    N/A
 Mephitic Cloud           Conj/Pois/Air  #.......     30%         3    N/A

Dungeon Overview and Level Annotations

Branches:
Dungeon (3/15)

Altars:
Trog
Wu Jian

Annotations:
D:3 Sigmund


Innate Abilities, Weirdness & Mutations

You do not eat or drink.
Your flesh is vulnerable to fire.
You are immune to poison.
Your flesh is cold resistant. (rC+)
You are immune to negative energy. (rN+++)
You are immune to unholy pain and torment.
You can survive without breathing.


Message History

Confirm with . or Enter, or press ? or * to list all spells.
A beastly little devil appears in a puff of flame.
Your crimson imp hits something.
Something misses your crimson imp.
You swap places.
You start resting.
Your crimson imp blinks!
Your crimson imp disappears in a puff of smoke!
Magic restored.
You start resting.
Sigmund is too close now for your liking.
Casting: Call Imp (safe; 13% risk of failure)
Confirm with . or Enter, or press ? or * to list all spells.
You don't know that spell.
Casting: Call Imp (safe; 13% risk of failure)
Confirm with . or Enter, or press ? or * to list all spells.
A beastly little devil appears in a puff of flame.
Sigmund shouts!
Sigmund hits you from afar with a scythe!
Ouch! That really hurt!
You die...

################
#.....#........# ######
#.###.#5#.##.#.# #.....
#.###.#.#.##.#.####.###.
#.#....@............# #.
#.#.#@#.#.##.#.####.###.
#.#.#.#.#......# #.)....
#...5.#......### #.##.#.
#####.########## #...)#.
#......# #..###.
#.###..# #..###.
#.##...# ###### #......
#.##.#.# ...$.# ##.####


You could see Sigmund and a friendly crimson imp.

Vanquished Creatures
  Jessica (D:2)
  An orc (D:3)
  3 goblins
  3 hobgoblins (D:2)
  2 jackals (D:2)
  5 kobolds
  A quokka (D:2)
  A ball python (D:2)
  10 bats
  4 frilled lizards
  3 rats
34 creatures vanquished.

Vanquished Creatures (collateral kills)
  An adder (D:2)
  A leopard gecko (D:2)
  A giant cockroach (D:2)
  A hobgoblin (D:2)
  2 jackals (D:2)
  A goblin (D:2)
  A kobold (D:2)
  2 rats
10 creatures vanquished.

Grand Total: 44 creatures vanquished

Notes
Turn   | Place    | Note
-------+----------+-------------------------------------------
     0 | D:1      | flamingdaze2 the Mummy Wizard began the quest for the Orb.
     0 | D:1      | Reached XP level 1. HP: 13/13 MP: 5/5
   577 | D:1      | Reached XP level 2. HP: 19/19 MP: 5/7
   600 | D:1      | Learned a level 2 spell: Call Imp
   603 | D:1      | Learned a level 2 spell: Slow
  1231 | D:2      | Reached skill level 5 in Spellcasting
  1253 | D:2      | Reached skill level 1 in Conjurations
  1491 | D:2      | Reached XP level 3. HP: 24/24 MP: 6/9
  1540 | D:2      | Noticed Jessica
  1545 | D:2      | Killed Jessica
  1716 | D:2      | Found a bloodstained altar of Trog.
  1716 | D:2      | Found an ornate altar of the Wu Jian Council.
  2323 | D:3      | Noticed Sigmund
  2336 | D:3      | HP: 1/24 [Sigmund/magic dart (7)]
  2458 | D:3      | Slain by Sigmund

Skill      XL: |  1  2 |
---------------+-------+-----
Spellcasting   | 5 |  5.6
Conjurations   | 1 |  1.3
Maces & Flails | |  0.3
Dodging        | |  1.5
Stealth        | |  1.5
Summonings     | |  0.9
Translocations | |  0.7

Action                   || total
-------------------------++-------
Melee: Whip              ||    21
 Cast: Magic Dart        ||    69
       Call Imp          ||    18
Evoke: Wand              ||     1
  Use: Scroll            ||     5
Armor: Robe              ||    16
Dodge: Dodged            ||    40
